 Dungeon Crawl Stone Soup version 0.31-a0-257-gf185e81 (webtiles) character file.

Game seed: 17045813266367498722

3145 Dawnplanks the Grappler (level 9, 0/81 HPs)
             Began as a Troll Shapeshifter on July 13, 2023.
             Was a Believer of Elyvilon.
             Killed from afar by Erica (23 damage)
             ... with a lance of force
             ... on level 8 of the Dungeon.
             The game lasted 00:14:27 (5845 turns).

Dawnplanks the Grappler (Troll Shapeshifter)        Turns: 5845, Time: 00:14:28

Health: 0/81       AC:  7    Str: 29    XL:     9   Next: 62%
Magic:  8/8        EV: 10    Int:  4    God:    Elyvilon [**....]
Gold:   471        SH:  0    Dex: 10    Spells: 8/8 levels left

rFire   . .          .
                       - Unarmed
rCold   . . .        (no shield)
rNeg    . . .        z - +0 steam dragon scales
rPois   .            (helmet currently unavailable)
rElec   .            (cloak currently unavailable)
rCorr   .            (gloves unavailable)
SInv    .            (boots unavailable)
Will    .....        h - amulet of the acrobat
Stlth   +            (no ring)
HPRegen 1.13/turn    (no ring)
MPRegen 0.11/turn

%: acrobat
@: lethally poisoned (0 -> -4), beast-form
A: beast (slay +4), large, unfitting armour, claws 3, regeneration 1, shaggy fur
1, tough skin 1
a: Begin Untransformation, Renounce Religion, Purification, Heal Other


You were on level 8 of the Dungeon.
You worshipped Elyvilon.
Elyvilon was pleased with you.
You were a hulking beast.
You visited 2 branches of the dungeon, and saw 9 of its levels.
You also visited: Ossuary.

You collected 642 gold pieces.
You spent 171 gold pieces at shops.

Inventory:

Missiles
 a - a curare-tipped dart
 u - 13 stones (quivered)
Armour
 n - a +0 cloak
 z - +0 steam dragon scales (worn)
Jewellery
 h - an amulet of the acrobat (around neck)
Talismans
 c - a beast talisman
 A - a maw talisman
Wands
 m - a wand of charming (11)
 w - a wand of flame (26)
Scrolls
 e - 3 scrolls of amnesia
 g - 3 scrolls of blinking
 i - 3 scrolls of revelation
 l - 2 scrolls of fog
 r - a scroll of torment {unknown}
 v - 2 scrolls of teleportation
 x - a scroll of vulnerability {unknown}
 y - a scroll of enchant weapon {unknown}
Potions
 b - 2 potions of lignification
 d - a potion of attraction {unknown}
 f - 5 potions of curing
 j - a potion of magic
 k - a potion of brilliance
 o - a potion of berserk rage
 p - 2 potions of invisibility
 q - a potion of cancellation
 s - 4 potions of might
 t - a potion of mutation {unknown}
 B - a potion of enlightenment {unknown}


   Skills:
 + Level 3.0 Fighting
 + Level 3.4 Throwing
 + Level 3.5 Dodging
 + Level 9.3 Unarmed Combat
 * Level 7.1 Shapeshifting


You had 8 spell levels left.
You didn't know any spells.
Your spell library contained the following spells:

 Spells                   Type           Power      Damage    Failure   Level
 Freeze                   Ice            0%         1d3       50%         1
 Ensorcelled Hibernation  Hex/Ice        0%         N/A       65%         2
 Frozen Ramparts          Ice            0%         1d1       86%         3
 Hailstorm                Conj/Ice       0%         3d3       86%         3
 Anguish                  Hex/Necr       0%         N/A       99%         4
 Animate Dead             Necr           0%         N/A       99%         4
 Borgnjor's Vile Clutch   Necr/Erth      0%         N/A       100%        5
 Death Channel            Necr           0%         N/A       100%        6


Dungeon Overview and Level Annotations

Branches:
Dungeon (8/15)             Temple (1/1) D:5         Ossuary (visited)
   Lair: D:8-11

Altars:
Ashenzari
Cheibriados
Dithmenos
Elyvilon
Fedhas
Gozag
Hepliaklqana
Kikubaaqudgha
Makhleb
Nemelex Xobeh
Okawaru
Qazlal
Ru
Sif Muna
Trog
Vehumet
Wu Jian
Xom
Yredelemnul
The Shining One

Shops:
D:3 :?=?   D:4 :

Annotations:
D:8 Erica


Innate Abilities, Weirdness & Mutations

You are a hulking beast.
Your limbs bulge with bestial killing power. (Slay +4)
You are too large for most types of armour.
You have claws for hands.
Your natural rate of healing is unusually fast.
You are covered in fur. (AC +1)
You have tough skin. (AC +1)


Message History

There is a stone staircase leading down here.
You can't go up here!
You climb downwards.
Found 5 stones.
There is a stone staircase leading up here.
Found a stone staircase leading down.
u - 15 stones (gained 5)
B - a fizzy red potion
Found a stone staircase leading up.
Erica the Fiery-Tempered comes into view.
She is wielding a +4 scimitar of flaming and wearing a +2 robe of positive energy.
Erica shouts!
You throw a stone. The stone closely misses Erica.
You throw a stone. The stone hits Erica.
Erica is lightly wounded.
Erica gestures at you while chanting.
You are confused.
You are too confused!
Unknown command.
You bump into the rock wall.
Found 15 gold pieces.
Erica hits you with a +4 scimitar of flaming!
Erica burns you.
You bump into the rock wall.
Erica hits you with a +4 scimitar of flaming.
Erica burns you.
You feel better. Erica casts a spell at you. The bolt of poison hits you!!
You are poisoned.
You claw Erica!
Erica is moderately wounded.
You feel very sick.
Erica hits you with a +4 scimitar of flaming!
Erica burns you.
You mangle Erica!!
Erica is severely wounded.
You feel very sick.
Erica points at you and mumbles some strange words.
The lance of force hits you!!
You die...

.$##.....# .........#
.......... .........#
####### .........#
#.....####
.........##.###.###....#
#........#.......##.#
#@#####.#.###.##.#
#h..#.#...# #.##.#
###.#....####.##<#
#.###..#....####
...###......#.####
...........>.#.#######
.....#####...........#
#### .##.......###.#
..........#..
.##.......#.#


You could see Erica.

Vanquished Creatures
  Grinder (D:5)
  A steam dragon (D:7)
  Menkaure (D:6)
  Duvessa (D:5)
  2 ice beasts (D:7)
  A water moccasin (D:3)
  2 black bears (D:6)
  2 ogres (D:5)
  4 centaurs
  A phantom (D:6)
  A kobold brigand (D:7)
  4 bullfrogs
  2 elf skeletons (D:5)
  Dowan (D:5)
  2 gnoll boudas
  An iron imp (D:5)
  A jelly (D:6)
  2 orc priests (D:5)
  Crazy Yiuf (D:3)
  3 hounds
  4 sleepcaps
  Ijyb (D:3)
  Terence (D:2)
  3 human skeletons (D:5)
  3 iguanas (D:5)
  4 orc wizards
  8 mummies (Ossuary)
  9 gnolls
  11 adders
  3 white imps
  A worm (D:4)
  A dart slug (D:3)
  8 orcs
  4 bats
  An endoplasm (D:2)
  8 giant cockroaches
  4 goblins
  5 hobgoblins
  5 quokkas
  4 ball pythons
  2 frilled lizards
  A gnoll zombie (Ossuary)
  A goblin skeleton (D:5)
  A goblin zombie (D:5)
  3 hobgoblin zombies
  8 kobolds
  2 kobold skeletons (D:5)
  3 kobold zombies
  3 orc skeletons (D:5)
  6 orc zombies
  2 rats
154 creatures vanquished.

Notes
Turn   | Place    | Note
-------+----------+-------------------------------------------
     0 | D:1      | Dawnplanks the Troll Shapeshifter began the quest for the
                  | Orb.
     0 | D:1      | Reached XP level 1. HP: 19/19 MP: 0/0
   446 | D:1      | Reached XP level 2. HP: 25/27 MP: 1/1
   969 | D:2      | Reached XP level 3. HP: 33/33 MP: 2/2
  1104 | D:2      | Noticed Terence
  1112 | D:2      | Killed Terence
  1113 | D:2      | Reached skill level 1 in Throwing
  1113 | D:2      | Reached XP level 4. HP: 41/41 MP: 3/3
  1467 | D:2      | Reached skill level 3 in Unarmed Combat
  1471 | D:2      | Noticed a great orb of eyes
  1474 | D:2      | Found a faded altar of an unknown god.
  1475 | D:2      | Noticed a golden eye
  1475 | D:2      | Noticed a great orb of eyes
  1475 | D:2      | Noticed a floating eye
  1488 | D:2      | Identified the +4 glaive of the Imperium {freeze, +Blink
                  | rF+++ rN+ Dex-2}
  1768 | D:3      | Found Div Miwy's Book Emporium.
  1768 | D:3      | Noticed Ijyb
  1773 | D:3      | Killed Ijyb
  1830 | D:3      | Noticed a water moccasin
  1842 | D:3      | Killed a water moccasin
  1843 | D:3      | Reached XP level 5. HP: 21/49 MP: 4/4
  1937 | D:3      | Found a runed translucent door.
  1938 | D:3      | Noticed Crazy Yiuf
  1946 | D:3      | Killed Crazy Yiuf
  1947 | D:3      | Reached skill level 4 in Unarmed Combat
  1977 | D:3      | Found Xuogh's Jewellery Emporium.
  1992 | D:3      | Found a sacrificial altar of Ru.
  2008 | D:3      | Found Zeade's Magic Scroll Shoppe.
  2011 | D:3      | Bought a scroll of identify for 28 gold pieces
  2328 | D:3      | Found Suinal's Magic Scroll Shoppe.
  2337 | D:3      | Bought a scroll of teleportation for 33 gold pieces
  2337 | D:3      | Bought a scroll of identify for 22 gold pieces
  2337 | D:3      | Bought a scroll of identify for 22 gold pieces
  2337 | D:3      | Bought a scroll of identify for 22 gold pieces
  2337 | D:3      | Bought a scroll of identify for 22 gold pieces
  2337 | D:3      | Bought a scroll of identify for 22 gold pieces
  2479 | D:4      | Found an ancient bone altar of Kikubaaqudgha.
  2523 | D:4      | Reached XP level 6. HP: 57/57 MP: 5/5
  2764 | D:4      | Found a bloodstained altar of Trog.
  2786 | D:4      | Found a radiant altar of Vehumet.
  2889 | D:4      | Found a broken altar of Ashenzari.
  3137 | D:4      | Found an ornate altar of the Wu Jian Council.
  3142 | D:4      | Found Nudwiut's Book Emporium.
  3201 | D:5      | Entered Level 5 of the Dungeon
  3255 | D:5      | Reached XP level 7. HP: 23/65 MP: 6/6
  3260 | D:5      | Reached skill level 5 in Unarmed Combat
  3320 | D:5      | Noticed Grinder
  3333 | D:5      | Paralysed by Grinder for 4 turns
  3341 | D:5      | HP: 1/65 [Grinder (3)]
  3347 | D:5      | Killed Grinder
  3348 | D:5      | Reached skill level 5 in Shapeshifting
  3524 | D:5      | Noticed Dowan
  3525 | D:5      | Noticed Duvessa
  3530 | D:5      | Killed Dowan
  3531 | D:5      | Reached XP level 8. HP: 72/72 MP: 7/7
  3535 | D:5      | Killed Duvessa
  3536 | D:5      | Reached skill level 6 in Unarmed Combat
  3601 | D:5      | Found a sand-covered staircase.
  3609 | Ossuary  | Entered an ossuary
  3926 | D:5      | Found a glowing golden altar of the Shining One.
  3950 | D:5      | Became a worshipper of the Shining One
  4051 | D:5      | Reached skill level 7 in Unarmed Combat
  4111 | D:5      | Found a staircase to the Ecumenical Temple.
  4120 | Temple   | Entered the Ecumenical Temple
  4236 | Temple   | Fell from the grace of the Shining One
  4236 | Temple   | Became a worshipper of Elyvilon the Healer
  4693 | D:6      | Reached XP level 9. HP: 70/80 MP: 8/8
  4723 | D:6      | Reached skill level 8 in Unarmed Combat
  4904 | D:6      | Reached * piety under Elyvilon
  4945 | D:6      | Noticed Menkaure
  4949 | D:6      | Killed Menkaure
  5439 | D:7      | Reached skill level 9 in Unarmed Combat
  5672 | D:7      | Reached ** piety under Elyvilon
  5749 | D:7      | Found an iron altar of Okawaru.
  5835 | D:8      | Noticed Erica
  5845 | D:8      | Killed from afar by Erica

Illustrated notes

Levels and vault maps discovered:
D:1:      minmay_arrival_shattered_statue, layout_loops_ring
D:2:      layout_basic, hellmonk_ecumenical_altar_watching_god, minmay_ruptured,
          uniq_terence
D:3:      layout_basic, mainiacjoe_overflow_concentric_impassable, serial_shops,
          shop, shop, shop, shop, uniq_ijyb, uniq_crazy_yiuf_cottage
D:4:      layout_loops_ring, kiku_gazebo_garden_becter,
          mainiacjoe_overflow_chevrons, mainiacjoe_overflow_catch_the_wave,
          pdpol_wu_jian_five_deadly_venoms, serial_shops, nicolae_lakefront_shop
D:5:      layout_rooms, nicolae_tso_besieged_by_evil,
          minmay_temple_entry_crystal_x, nicolae_ossuary_entry_catacombs,
          uniq_duvessa, uniq_grinder
D:6:      black_bear_nest_2, layout_rooms, amethyst_killhole,
          minmay_starry_boxes, uniq_menkaure
D:7:      layout_rooms, kennysheep_mini_moat, minmay_misc_feat_roman,
          kennysheep_generic_room_14
D:8:      minmay_recursive_quarters, layout_basic, kennysheep_generic_room_8,
          uniq_erica
Temple:   hellmonk_temple_forest_ring

Skill      XL: |  1  2  3  4  5  6  7  8  9 |
---------------+----------------------------+-----
Throwing       | 1 2 3 |  3.4
Unarmed Combat | 3 4 5 7 9 |  9.3
Dodging        | 2 3 |  3.5
Shapeshifting  | 4 5 6 7 |  7.1
Fighting       | 2 3 |  3.0

Action                     |  1- 3 |  4- 6 |  7- 9 || total
---------------------------+-------+-------+-------++-------
  Melee: Unarmed           |    51 |    97 |   251 ||   399
         Punch             |     1 |     2 |     6 ||     9
  Throw: Stone             |    45 |    41 |    29 ||   115
    Use: Scroll            |       |     7 |     7 ||    14
         Potion            |       |       |     2 ||     2
 Armour: Animal skin       |    16 |    21 |    39 ||    76
         Steam dragon scal |       |       |    13 ||    13
  Dodge: Dodged            |    22 |    37 |    96 ||   155

Table legend: (Time is in decaauts)
 A = Elapsed time spent in this place.
 B = Non-inter-level travel time spent in this place.
 C = Inter-level travel time spent in this place.
 D = Time resting spent in this place.
 E = Time spent auto-exploring this place.
 F = Levels seen in this place.
 G = Mean time per level.
                   A        B        C        D        E       F      G
               +--------+--------+--------+--------+--------+-----+--------+
         Total |   5805 |   5311 |    494 |    115 |   4246 |  10 |  580.5 |
       Dungeon |   5440 |   4980 |    460 |    115 |   4030 |   8 |  680.0 |
        Temple |    135 |    101 |     34 |      0 |     90 |   1 |  135.0 |
       Ossuary |    229 |    229 |      0 |      0 |    126 |   1 |  229.0 |
               +--------+--------+--------+--------+--------+-----+--------+

Top non-repeatable levels by time:
     D:2: 1004 daAuts
     D:5: 994 daAuts
     D:6: 823 daAuts
     D:4: 752 daAuts
     D:3: 741 daAuts
     D:1: 699 daAuts
     D:7: 373 daAuts
 Ossuary: 229 daAuts
  Temple: 135 daAuts
     D:8: 52 daAuts
